 Dungeon Crawl Stone Soup version 0.29.1-1-gd02db69 (webtiles) character file.

Game seed: 11642034216531989611

200 Bazzalis the Trooper (level 5, -1/30 HPs)
             Began as a Gargoyle Fighter on Feb 28, 2023.
             Was a Believer of Hepliaklqana.
             Slain by an iguana (7 damage)
             ... on level 3 of the Dungeon.
             The game lasted 00:12:14 (2155 turns).

Bazzalis the Trooper (Gargoyle Fighter)             Turns: 2155, Time: 00:12:14

Health: -1/30      AC: 10    Str: 21    XL:     5   Next: 79%
Magic:  5/5        EV:  9    Int:  9    God:    Hepliaklqana [**....]
Gold:   151        SH:  4    Dex:  9    Spells: 4/4 levels left

rFire   + . .      SeeInvis .   t - +2 dagger (freeze)
rCold   . . .      Faith    .   c - +0 buckler
rNeg    + . .      Spirit   .   b - +0 scale mail
rPois   ∞          Reflect  .   (no helmet)
rElec   +          Harm     .   (no cloak)
rCorr   .          Rampage  .   (no gloves)
Will    .....                   (no boots)
Stlth   ..........              (no amulet)
HPRegen 0.10/turn               s - ring of protection from fire
MPRegen 0.09/turn               (no ring)

@: no status effects
A: reduced essence, sickness immunity, AC +4, negative energy resistance 1,
electricity resistance, torment resistance 1, petrification resistance
a: Renounce Religion, Recall Ancestor, Ancestor Identity


You were on level 3 of the Dungeon.
You worshipped Hepliaklqana.
Hepliaklqana was pleased with you.
You visited 1 branch of the dungeon, and saw 3 of its levels.

You collected 151 gold pieces.

Inventory:

Hand Weapons
 a - a +0 flail
 t - a +2 dagger of freezing (weapon)
Missiles
 o - 15 poisoned darts (quivered)
 w - 2 silver boomerangs
Armour
 b - a +0 scale mail (worn)
 c - a +0 buckler (worn)
Jewellery
 s - a ring of protection from fire (left hand)
Scrolls
 e - a scroll of brand weapon {unknown}
 g - a scroll of magic mapping {unknown}
 l - 2 scrolls of amnesia {unknown}
 m - a scroll of blinking {unknown}
 n - 3 scrolls of identify {unknown}
 q - a scroll of poison {unknown}
 r - a scroll of teleportation {unknown}
 u - a scroll of fog {unknown}
 v - a scroll of immolation {unknown}
Potions
 d - a potion of might
 f - a potion of lignification {unknown}
 h - 3 potions of attraction {unknown}
 i - a potion of degeneration {unknown}
 j - 6 potions of curing {unknown}
 k - a potion of haste {unknown}
 p - a potion of mutation {unknown}


   Skills:
 + Level 4.7 Fighting
 + Level 1.1 Short Blades
 * Level 4.6 Maces & Flails
 - Level 3.2 Armour
 - Level 3.2 Shields


You had 4 spell levels left.
You didn't know any spells.
Your spell library contained the following spells:

 Spells                   Type           Power      Damage    Failure   Level
 Gell's Gravitas          Tloc           0%         N/A       99%         3
 Teleport Other           Tloc           0%         N/A       99%         3
 Dispersal                Tloc           0%         N/A       100%        6


Dungeon Overview and Level Annotations

Branches:
Dungeon (3/15)

Altars:
Hepliaklqana

Shops:
D:1 [


Innate Abilities, Weirdness & Mutations

Your life essence is reduced to manifest your ancestor. (-10% HP)
You are immune to sickness and miasma.
Your stone body is resilient. (AC +4)
You are immune to poison.
You resist negative energy. (rN+)
You are resistant to electric shocks. (rElec)
You are resistant to unholy torment.
You are immune to petrification.


Message History

You hit Pandrake's ghost. You freeze Pandrake's ghost.
Pandrake's ghost is lightly damaged.
The hobgoblin hits you but does no damage.
The iguana hisses menacingly.
Pandrake's ghost completely misses you.
Nomusa completely misses the hobgoblin.
You hit Pandrake's ghost. You freeze Pandrake's ghost.
Pandrake's ghost is lightly damaged.
The hobgoblin barely misses Nomusa.
Pandrake's ghost closely misses you.
Nomusa points at the hobgoblin and mumbles some strange words.
The puff of frost hits the hobgoblin!
The hobgoblin dies!
You hit Pandrake's ghost. You freeze Pandrake's ghost.
Pandrake's ghost is moderately damaged.
Pandrake's ghost hits you but does no damage.
Nomusa hits the goblin with a +0 quarterstaff!
The goblin dies!
The iguana attacks as you move away! The iguana bites you!
Nomusa barely misses Pandrake's ghost.
You hit Pandrake's ghost. You freeze Pandrake's ghost.
Pandrake's ghost is heavily damaged.
The scorpion stings Nomusa.
Pandrake's ghost completely misses you. The iguana bites you.
Nomusa hits Pandrake's ghost with a +0 quarterstaff!
The scorpion stings Nomusa!
You miss Pandrake's ghost.
Pandrake's ghost is severely damaged.
Pandrake's ghost hits you!
* * * LOW HITPOINT WARNING * * *
The iguana bites you.
* * * LOW HITPOINT WARNING * * *
The scorpion barely misses Nomusa.
Nomusa casts a spell at Pandrake's ghost.
The puff of frost hits Pandrake's ghost!
Pandrake's ghost is destroyed!
Your Short Blades skill increases to level 1!
The scorpion stings Nomusa.
Nomusa casts a spell at the scorpion.
The puff of frost hits the scorpion!
You barely miss the iguana. The iguana bites you!
You die...

#.##..............#
#.#
#.##..#########...#
#.#
..##..#.......#...#
#.#
.###..#...#...#...#
... .#
#..#..#.#..'...# ###
### ##
#..#.$.....'...# ...
#..#.$#.#..s...#..#
#..#...#..K#Rl##..#
#..#.......#.@....#
##..#########...#..#
#..............## ##
#.............)#
#.........####.....
#####.#.### #.####
#.#.# #.# #.#.# #.#
#.#.# #.#


You could see the friendly Nomusa the battlemage, a scorpion (distracted, ally
target), an iguana and a kobold.

Vanquished Creatures
  A dart slug (D:2)
  An orc (D:3)
  3 bats (D:1)
  An endoplasm (D:2)
  2 giant cockroaches (D:1)
  A hobgoblin (D:1)
  3 kobolds
  2 quokkas (D:1)
  4 ball pythons
  3 frilled lizards
  3 goblins
  A rat (D:2)
25 creatures vanquished.

Vanquished Creatures (collateral kills)
  The ghost of Pandrake the Shooter, a weakling DgHu (D:3)
  Jessica (D:3)
  4 adders (D:3)
  A worm (D:3)
  4 dart slugs
  A ball python (D:3)
  7 endoplasms
  2 giant cockroaches
  7 goblins
  11 hobgoblins
  2 bats
  4 frilled lizards
  6 kobolds
  2 rats
53 creatures vanquished.

Vanquished Creatures (others)
  2 ancestors (D:1)
2 creatures vanquished.

Grand Total: 80 creatures vanquished

Notes
Turn   | Place    | Note
-------+----------+-------------------------------------------
     0 | D:1      | Bazzalis the Gargoyle Fighter began the quest for the Orb.
     0 | D:1      | Reached XP level 1. HP: 14/14 MP: 1/1
     2 | D:1      | Found a faded altar of an unknown god.
    56 | D:1      | Prayed at the altar of an unknown god.
    56 | D:1      | Became a worshipper of Hepliaklqana the Forgotten
    56 | D:1      | Reached * piety under Hepliaklqana
   102 | D:1      | Found Lomuimen's Armour Shop.
   454 | D:1      | Reached XP level 2. HP: 17/17 MP: 2/2
  1085 | D:1      | Reached ** piety under Hepliaklqana
  1086 | D:1      | Remembered your ancestor Nomusa as a battlemage
  1166 | D:2      | Reached XP level 3. HP: 21/21 MP: 3/3
  1504 | D:2      | You fall into a shaft and drop 1 floor!
  1599 | D:3      | Noticed a scorpion
  1600 | D:3      | Noticed Pandrake's ghost (weakling DgHu)
  1602 | D:3      | Found a runed translucent gate.
  1604 | D:3      | Found a runed translucent gate.
  1604 | D:3      | Found a runed translucent gate.
  1631 | D:3      | Reached XP level 4. HP: 26/26 MP: 4/4
  1874 | D:3      | Noticed Jessica
  1879 | D:3      | Killed Jessica
  1972 | D:3      | Reached XP level 5. HP: 30/30 MP: 5/5
  2153 | D:3      | Killed Pandrake's ghost
  2154 | D:3      | Reached skill level 1 in Short Blades
  2155 | D:3      | Slain by an iguana

Illustrated notes

Levels and vault maps discovered:
D:1:      spicycebolla_green_bress_n_ham_2, layout_basic, serial_shops,
          nicolae_shop_statue_plus, basic_ecumenical_altar
D:2:      layout_rooms, basic_altar, minmay_goblin_outpost
D:3:      layout_basic, gammafunk_ghost_split, minmay_joined_circles,
          uniq_jessica

Skill      XL: |  1  2  3  4  5 |
---------------+----------------+-----
Maces & Flails | 3 4 |  4.6
Fighting       | 4 |  4.7
Short Blades   | 1 |  1.1
Armour         | |  3.2
Shields        | |  3.2

Action                   |  1- 3 |  4- 6 || total
-------------------------+-------+-------++-------
Melee: Flail             |    83 |     6 ||    89
       Dagger            |       |    15 ||    15
Invok: Ancestor Life: Ba |     1 |       ||     1
       Recall Ancestor   |     1 |       ||     1
Armor: Scale mail        |    53 |    14 ||    67
Dodge: Dodged            |    41 |     8 ||    49
Block: Buckler           |    17 |     1 ||    18
